 Dungeon Crawl Stone Soup version 0.29.0-4-gdea44cf6ec (webtiles) character file.

Game seed: 18242026838991700137

40 qw the Sneak (level 3, 0/23 HPs)
             Began as a Gargoyle Delver on Sept 10, 2022.
             Slain by an iguana (4 damage)
             ... on level 5 of the Dungeon.
             The game lasted 00:00:02 (46 turns).

qw the Sneak (Gargoyle Delver)                        Turns: 46, Time: 00:00:03

Health: 0/23       AC:  6    Str: 17    XL:     3   Next: 50%
Magic:  3/3        EV: 11    Int: 10    God:
Gold:   0          SH:  0    Dex: 11    Spells: 2/2 levels left

rFire   . . .      SeeInvis .   a - +0 hand axe
rCold   . . .      Faith    .   (no shield)
rNeg    + . .      Spirit   .   b - +0 leather armour
rPois   inf        Reflect  .   (no helmet)
rElec   +          Harm     .   (no cloak)
rCorr   .          Rampage  .   (no gloves)
Will    .....                   (no boots)
Stlth   +++.......              (no amulet)
HPRegen 0.07/turn               (no ring)
MPRegen 0.08/turn               (no ring)

@: no status effects
A: sickness immunity, AC +3, negative energy resistance 1, electricity
resistance, torment resistance 1, petrification resistance
a: no special abilities


You were on level 5 of the Dungeon.
You visited 1 branch of the dungeon, and saw 1 of its levels.


Innate Abilities, Weirdness & Mutations

You are immune to sickness and miasma.
Your stone body is resilient. (AC +3)
You are immune to poison.
You resist negative energy. (rN+)
You are resistant to electric shocks. (rElec)
You are resistant to unholy torment.
You are immune to petrification.


   Skills:
 - Level 3.2 Fighting
 + Level 3.4 Axes
 - Level 1.5 Dodging
 - Level 5.4 Stealth


You had 2 spell levels left.
You didn't know any spells.
Your spell library was empty.

Inventory:

Hand Weapons
 a - a +0 hand axe (weapon)
Armour
 b - a +0 leather armour (worn)
Wands
 g - a wand of digging (3)
Scrolls
 c - a scroll of fog
 d - a scroll of magic mapping
 e - a scroll of fear
 h - a scroll of identify {unknown}
Potions
 f - a potion of haste

Dungeon Overview and Level Annotations

Branches:
Dungeon (5/15)
 Temple: D:4-7

Altars:


Message History

32 ||| Stepping ~*~*~tactically~*~*~ (stealth).
The howler monkey howls!
You hear an angry hiss.
The howler monkey hits you.
You hit the howler monkey.
The howler monkey is moderately wounded.
The howler monkey closely misses you. The howler monkey misses you.
You closely miss the howler monkey.
The howler monkey is moderately wounded.
The howler monkey hits you but does no damage.
You hit the howler monkey.
The howler monkey is heavily wounded.
The howler monkey hits you. x2
You slash the howler monkey!
The howler monkey is severely wounded.
The howler monkey hoots and howls with incredible vigour!
You hear a shout! x2; You hear an angry hiss.
Something shouts, "Back with thee, thou defiled elf-skinned vassal!"
You hear an angry hiss.
You hear a bark!
You hear a shout! x2; You hear a bark!
You hear a shout!
You hear an angry hiss.
You hit the howler monkey.
The howler monkey is almost dead.
You hit the iguana but do no damage. The iguana closely misses you.
The howler monkey closely misses you. The iguana barely misses you.
The howler monkey closely misses you.
You hit the howler monkey.
You kill the howler monkey!
You hit the iguana but do no damage. The iguana barely misses you.
Your Axes skill gained 2 levels and is now at level 3!
You have reached level 2!
You have reached level 3!
Your experience leads to an increase in your attributes!
Increase (S)trength, (I)ntelligence, or (D)exterity?
You feel stronger. x2
You hit the iguana.
The iguana is lightly wounded.
The iguana bites you!
You closely miss the iguana.
The iguana is lightly wounded.
The iguana bites you.
You die...

#..##.#..####.......+
##....######.......#
#..##.#....#.......#
#..#.##..# ##..##..#
. #....#### #..# ..#
#..#.##...#.....# ...
#..##.#.........# ..
..##....####.....#
##.#..##@# ....+
#..#. #.l# ... # ..##
.# .##. ## . ##


You could see an iguana.

Vanquished Creatures
  A howler monkey (D:5)
1 creature vanquished.

Notes
Turn   | Place    | Note
-------+----------+-------------------------------------------
     0 | D:5      | qw the Gargoyle Delver began the quest for the Orb.
     0 | D:5      | Reached XP level 1. HP: 14/14 MP: 1/1
     0 | D:5      | 0 ||| qw: Version: 0.1-a-117-gfe26ee0
     0 | D:5      | 0 ||| qw: Game counter: 9693
     0 | D:5      | 0 ||| qw: Always use a shield: true
     0 | D:5      | 0 ||| qw: God list: Okawaru
     0 | D:5      | 0 ||| qw: Allow faded altars: false
     0 | D:5      | 0 ||| qw: Do Orc after D:15 true
     0 | D:5      | 0 ||| qw: Do second Lair branch before Depths: true
     0 | D:5      | 0 ||| qw: Lair rune preference: random
     0 | D:5      | 0 ||| qw: Plans: Normal
     0 | D:5      | 0 ||| PLANNING D:1-11
    22 | D:5      | Noticed a howler monkey
    22 | D:5      | Noticed an iguana
    23 | D:5      | 23 ||| Stepping ~*~*~tactically~*~*~ (stealth).
    32 | D:5      | 32 ||| Stepping ~*~*~tactically~*~*~ (stealth).
    44 | D:5      | Killed a howler monkey
    45 | D:5      | Reached skill level 3 in Axes
    45 | D:5      | Reached XP level 2. HP: 9/19 MP: 2/2
    45 | D:5      | Reached XP level 3. HP: 11/23 MP: 3/3
    45 | D:5      | HP: 4/23 [iguana (7)]
    46 | D:5      | Slain by an iguana

Levels and vault maps discovered:
D:5:      layout_gridville, overflow_temple_1_default, serial_bayou_pond_e,
          st_stairs_3, hangedman_decor_push, nicolae_eternal_life

Skill      XL: |  1 |
---------------+----+-----
Axes           | 3 |  3.4
Fighting       | |  3.2
Dodging        | |  1.5
Stealth        | |  5.4

Action                   || total
-------------------------++-------
Melee: Hand axe          ||     8
Armor: Leather armour    ||     1
Dodge: Dodged            ||     7

Table legend:
 A = Non-vault XP
 B = Vault XP
 C = Vault XP percentage of total XP
 D = Non-vault monster count
 E = Vault monster count
 F = Vault count percentage of total count
                 A         B        C        D         E       F
            +---------+---------+-------+---------+---------+-------
      Total |      58 |       0 |   0.0 |       1 |       0 |   0.0
            +---------+---------+-------+---------+---------+-------
        D:5 |      58 |       0 |   0.0 |       1 |       0 |   0.0
            +---------+---------+-------+---------+---------+-------
